[ AOE2 MATCH · #506089147 ]
UnrankedMongols vs Koreans
Player's team · WIN
Rival team · LOSS
[ REPLAY ANALYSIS · EXTRACTED FROM THE RECORDED GAME ]
Feudal
10:06
Castle
13:58
Imperial
37:42
| APM avg | 39.5 |
| APM peak | 79 |
| eAPM avg | 21.0 |
| Villagers / military | 183 / 406 |
Focus
⚔️ 39.5% · 🌾 60.5%
Scout Cavalry ×248 · Mangudai ×136 · Trebuchet (Packed) ×10 · Monk ×6 · Mangonel ×3 · Battering Ram ×3
Feudal
9:46
Castle
25:54
Imperial
35:43
| APM avg | 45.9 |
| APM peak | 105 |
| eAPM avg | 29.0 |
| Villagers / military | 299 / 461 |
Focus
⚔️ 47.6% · 🌾 52.4%
Skirmisher ×255 · Fire Lancer ×179 · Trebuchet (Packed) ×13 · War Wagon ×7 · Spearman ×5 · Monk ×1
Match map
Initial resources + every placement click. Lines = walls · curves = elevation contours. ◆ gold · ⬟ stone · ● berries · ✦ relic · ◌ wall gap
Your base· Open — unwalled flank
DK_virot16's base· Open — unwalled flank
Smoothed initial terrain · ◌ = detected wall gap · hover for details
Inputs per minute
— [o.p.]Müller-Thurgau - - DK_virot16
Build order — [o.p.]Müller-Thurgau
First 150 of 707 actions detected
| 0:00 | Queue | Villager (Male) |
| 0:00 | Queue | Villager (Male) |
| 0:01 | Queue | Villager (Male) |
| 0:02 | Build | House |
| 0:03 | Build | House |
| 0:07 | Queue | Villager (Male) |
| 1:35 | Queue | Villager (Male) |
| 2:03 | Queue | Villager (Male) |
| 2:24 | Queue | Villager (Male) |
| 2:31 | Build | Lumber Camp |
| 2:56 | Queue | Villager (Male) |
| 2:57 | Queue | Villager (Male) |
| 3:02 | Build | House |
| 3:15 | Queue | Villager (Male) |
| 3:56 | Queue | Villager (Male) |
| 4:25 | Build | Mill |
| 4:27 | Queue | Villager (Male) |
| 4:52 | Queue | Villager (Male) |
| 5:04 | Queue | Villager (Male) |
| 5:23 | Queue | Villager (Male) |
| 5:53 | Queue | Villager (Male) |
| 5:53 | Queue | Villager (Male) |
| 6:18 | Build | House |
| 6:21 | Queue | Villager (Male) |
| 6:59 | Build | Mining Camp |
| 7:30 | Queue | Villager (Male) |
| 7:54 | Research | Feudal Age |
| 9:24 | Queue | Villager (Male) |
| 9:51 | Queue | Villager (Male) |
| 10:06 | Age | Feudal Age |
| 10:08 | Build | Market |
| 10:12 | Build | Blacksmith |
| 10:30 | Research | Loom |
| 11:18 | Research | Castle Age |
| 11:30 | Build | Mining Camp |
| 11:54 | Build | Palisade Wall |
| 11:57 | Build | Palisade Wall |
| 12:21 | Build | House |
| 12:33 | Build | Palisade Wall |
| 13:04 | Research | Double-Bit Axe |
| 13:17 | Build | Palisade Wall |
| 13:33 | Build | Palisade Wall |
| 13:39 | Build | Palisade Wall |
| 13:58 | Age | Castle Age |
| 14:09 | Queue | Villager (Male) |
| 14:09 | Queue | Villager (Male) |
| 14:24 | Build | Lumber Camp |
| 15:04 | Queue | Villager (Male) |
| 15:04 | Queue | Villager (Male) |
| 15:10 | Build | Castle |
| 15:40 | Queue | Villager (Male) |
| 15:44 | Build | Farm |
| 15:58 | Queue | Villager (Male) |
| 16:01 | Build | Farm |
| 16:21 | Queue | Mangudai |
| 16:31 | Build | Farm |
| 16:34 | Build | Farm |
| 16:36 | Queue | Villager (Male) |
| 16:39 | Build | Farm |
| 16:48 | Queue | Mangudai |
| 16:54 | Build | Farm |
| 17:05 | Build | Farm |
| 17:09 | Build | Farm |
| 17:25 | Queue | Villager (Male) |
| 17:42 | Queue | Mangudai |
| 17:48 | Queue | Mangudai |
| 17:50 | Queue | Villager (Male) |
| 18:10 | Queue | Mangudai |
| 18:11 | Queue | Villager (Male) |
| 18:42 | Queue | Villager (Male) |
| 19:00 | Queue | Villager (Male) |
| 19:00 | Queue | Mangudai |
| 19:18 | Queue | Mangudai |
| 19:20 | Queue | Villager (Male) |
| 19:38 | Build | Town Center |
| 19:42 | Research | Fletching |
| 19:55 | Queue | Mangudai |
| 20:19 | Queue | Villager (Male) |
| 20:19 | Queue | Villager (Male) |
| 20:29 | Research | Bow Saw |
| 20:32 | Queue | Villager (Male) |
| 20:42 | Queue | Mangudai |
| 21:01 | Build | House |
| 21:19 | Build | Siege Workshop |
| 21:19 | Queue | Mangudai |
| 21:25 | Queue | Villager (Male) |
| 21:25 | Queue | Villager (Male) |
| 21:57 | Queue | Villager (Male) |
| 22:02 | Queue | Mangonel |
| 22:11 | Queue | Villager (Male) |
| 22:59 | Queue | Villager (Male) |
| 23:16 | Queue | Mangonel |
| 23:17 | Queue | Villager (Male) |
| 23:17 | Queue | Villager (Male) |
| 23:25 | Queue | Villager (Male) |
| 23:44 | Build | House |
| 23:44 | Build | House |
| 23:49 | Research | Town Watch |
| 24:03 | Build | Farm |
| 24:04 | Build | Farm |
| 24:05 | Build | Farm |
| 24:06 | Build | Farm |
| 24:07 | Build | Farm |
| 24:22 | Queue | Villager (Male) |
| 24:43 | Build | Monastery |
| 24:58 | Queue | Villager (Male) |
| 24:58 | Queue | Villager (Male) |
| 24:58 | Queue | Villager (Male) |
| 25:25 | Queue | Villager (Male) |
| 25:25 | Queue | Villager (Male) |
| 25:25 | Queue | Villager (Male) |
| 25:31 | Build | Town Center |
| 25:45 | Queue | Monk |
| 25:45 | Queue | Monk |
| 25:46 | Queue | Villager (Male) |
| 25:46 | Queue | Villager (Male) |
| 25:49 | Build | Farm |
| 25:51 | Build | Farm |
| 25:51 | Build | Farm |
| 25:56 | Build | House |
| 25:56 | Build | House |
| 25:56 | Build | House |
| 26:05 | Queue | Villager (Male) |
| 26:08 | Build | Farm |
| 26:15 | Queue | Villager (Male) |
| 26:15 | Queue | Villager (Male) |
| 26:19 | Build | Farm |
| 26:20 | Build | Farm |
| 26:22 | Build | Farm |
| 26:23 | Build | Farm |
| 26:34 | Queue | Villager (Male) |
| 26:34 | Queue | Villager (Male) |
| 26:47 | Queue | Villager (Male) |
| 26:47 | Queue | Villager (Male) |
| 27:02 | Build | Farm |
| 27:11 | Build | Farm |
| 27:11 | Build | Farm |
| 27:14 | Build | House |
| 27:14 | Build | House |
| 27:14 | Build | House |
| 27:15 | Build | House |
| 27:16 | Build | House |
| 27:31 | Queue | Villager (Male) |
| 27:32 | Queue | Villager (Male) |
| 27:32 | Queue | Villager (Male) |
| 27:43 | Build | Outpost |
| 27:44 | Build | Outpost |
| 27:46 | Build | Outpost |
| 27:57 | Research | Wheelbarrow |
| 27:57 | Queue | Villager (Male) |
Build order — DK_virot16
First 150 of 708 actions detected
| 0:00 | Queue | Villager (Male) |
| 0:01 | Build | House |
| 0:02 | Build | House |
| 0:06 | Queue | Villager (Male) |
| 0:06 | Queue | Villager (Male) |
| 0:07 | Queue | Villager (Male) |
| 1:24 | Queue | Villager (Male) |
| 1:34 | Build | Mill |
| 1:58 | Queue | Villager (Male) |
| 2:36 | Queue | Villager (Male) |
| 2:51 | Queue | Villager (Male) |
| 3:18 | Queue | Villager (Male) |
| 3:18 | Queue | Villager (Male) |
| 3:53 | Queue | Villager (Male) |
| 4:04 | Build | House |
| 4:05 | Build | House |
| 4:10 | Queue | Villager (Male) |
| 4:19 | Queue | Villager (Male) |
| 4:45 | Queue | Villager (Male) |
| 4:48 | Queue | Villager (Male) |
| 4:49 | Queue | Villager (Male) |
| 5:10 | Queue | Villager (Male) |
| 5:37 | Queue | Villager (Male) |
| 6:02 | Build | Lumber Camp |
| 6:25 | Research | Loom |
| 7:07 | Research | Feudal Age |
| 7:32 | Build | Mining Camp |
| 7:56 | Queue | Villager (Male) |
| 8:19 | Queue | Villager (Male) |
| 8:46 | Build | Barracks |
| 8:52 | Queue | Villager (Male) |
| 9:05 | Build | Palisade Wall |
| 9:10 | Build | House |
| 9:20 | Queue | Villager (Male) |
| 9:46 | Age | Feudal Age |
| 9:50 | Build | Watch Tower |
| 9:52 | Build | Palisade Wall |
| 9:52 | Build | Palisade Wall |
| 9:53 | Build | Palisade Wall |
| 9:53 | Build | Palisade Wall |
| 9:54 | Build | Palisade Wall |
| 9:54 | Build | Palisade Wall |
| 9:55 | Build | Palisade Wall |
| 9:55 | Build | Palisade Wall |
| 9:57 | Queue | Villager (Male) |
| 10:00 | Research | Double-Bit Axe |
| 10:02 | Queue | Spearman |
| 10:08 | Queue | Villager (Male) |
| 10:08 | Queue | Villager (Male) |
| 10:35 | Queue | Spearman |
| 10:43 | Build | Watch Tower |
| 10:55 | Build | Mill |
| 11:02 | Build | Palisade Wall |
| 11:03 | Build | Palisade Wall |
| 11:03 | Build | Palisade Wall |
| 11:04 | Build | Palisade Wall |
| 11:09 | Queue | Villager (Male) |
| 11:10 | Queue | Villager (Male) |
| 11:43 | Build | House |
| 11:44 | Build | House |
| 11:45 | Build | House |
| 11:59 | Build | Watch Tower |
| 12:14 | Queue | Villager (Male) |
| 12:20 | Build | Blacksmith |
| 12:42 | Queue | Villager (Male) |
| 12:47 | Build | Palisade Wall |
| 12:52 | Build | Farm |
| 12:53 | Build | Farm |
| 12:54 | Queue | Villager (Male) |
| 13:07 | Queue | Villager (Male) |
| 13:13 | Build | Stone Wall |
| 13:14 | Queue | Villager (Male) |
| 13:15 | Queue | Villager (Male) |
| 13:27 | Build | Stone Wall |
| 13:32 | Build | Farm |
| 13:34 | Build | Farm |
| 13:52 | Build | Watch Tower |
| 13:57 | Build | Palisade Wall |
| 13:58 | Build | Palisade Wall |
| 13:59 | Build | Palisade Wall |
| 14:00 | Queue | Villager (Male) |
| 14:00 | Queue | Villager (Male) |
| 14:12 | Build | Stone Wall |
| 14:18 | Build | Farm |
| 14:24 | Queue | Villager (Male) |
| 14:38 | Queue | Villager (Male) |
| 14:46 | Queue | Villager (Male) |
| 14:58 | Build | Stone Wall |
| 15:05 | Build | Farm |
| 15:07 | Build | Farm |
| 15:09 | Research | Horse Collar |
| 15:10 | Research | Horse Collar |
| 15:11 | Queue | Villager (Male) |
| 15:11 | Queue | Villager (Male) |
| 15:37 | Queue | Villager (Male) |
| 15:37 | Queue | Villager (Male) |
| 15:39 | Build | Stone Wall |
| 15:40 | Build | Stone Wall |
| 15:59 | Queue | Villager (Male) |
| 16:04 | Build | Stone Wall |
| 16:07 | Research | Fletching |
| 16:09 | Queue | Villager (Male) |
| 16:25 | Build | Market |
| 16:28 | Queue | Villager (Male) |
| 16:28 | Queue | Villager (Male) |
| 16:32 | Build | Stone Wall |
| 16:35 | Build | Stone Wall |
| 16:42 | Build | Stone Wall |
| 16:43 | Build | Stone Wall |
| 16:45 | Queue | Villager (Male) |
| 16:45 | Queue | Villager (Male) |
| 17:00 | Build | Farm |
| 17:17 | Build | House |
| 17:18 | Build | House |
| 17:20 | Queue | Villager (Male) |
| 17:26 | Build | Mining Camp |
| 17:30 | Build | Watch Tower |
| 17:37 | Queue | Villager (Male) |
| 17:51 | Queue | Villager (Male) |
| 17:54 | Build | Farm |
| 18:03 | Build | Stone Wall |
| 18:05 | Queue | Villager (Male) |
| 18:05 | Queue | Villager (Male) |
| 18:20 | Queue | Villager (Male) |
| 18:22 | Build | Watch Tower |
| 18:29 | Build | Palisade Gate |
| 18:35 | Build | House |
| 18:37 | Queue | Villager (Male) |
| 18:38 | Queue | Villager (Male) |
| 18:43 | Build | Gate |
| 19:05 | Build | Stone Wall |
| 19:43 | Build | Watch Tower |
| 20:00 | Build | Farm |
| 20:02 | Build | Farm |
| 20:21 | Build | Watch Tower |
| 20:23 | Queue | Villager (Male) |
| 20:23 | Queue | Villager (Male) |
| 20:26 | Build | Farm |
| 20:37 | Queue | Villager (Male) |
| 20:43 | Build | Farm |
| 20:50 | Build | Farm |
| 20:57 | Build | Farm |
| 21:25 | Build | Farm |
| 21:27 | Queue | Villager (Male) |
| 21:31 | Build | Farm |
| 21:32 | Build | Farm |
| 21:33 | Build | Farm |
| 21:36 | Queue | Villager (Male) |
| 22:01 | Build | Watch Tower |
| 22:13 | Queue | Villager (Male) |
Match timeline
| 8:46 | DK_virot16 · first_building Barracks |
| 9:05 | DK_virot16 · wall_segment Palisade Wall x1 |
| 9:46 | DK_virot16 · age_up feudal |
| 9:52 | DK_virot16 · wall_segment Palisade Wall x1 |
| 9:52 | DK_virot16 · wall_segment Palisade Wall x1 |
| 9:53 | DK_virot16 · wall_segment Palisade Wall x1 |
| 9:53 | DK_virot16 · wall_segment Palisade Wall x1 |
| 9:54 | DK_virot16 · wall_segment Palisade Wall x1 |
| 9:54 | DK_virot16 · wall_segment Palisade Wall x1 |
| 9:55 | DK_virot16 · wall_segment Palisade Wall x1 |
| 9:55 | DK_virot16 · wall_segment Palisade Wall x1 |
| 10:06 | [o.p.]Müller-Thurgau · age_up feudal |
| 10:58 | [o.p.]Müller-Thurgau · first_market_sell 100 stone |
| 11:02 | DK_virot16 · wall_segment Palisade Wall x1 |
| 11:03 | DK_virot16 · wall_segment Palisade Wall x1 |
| 11:03 | DK_virot16 · wall_segment Palisade Wall x1 |
| 11:04 | DK_virot16 · wall_segment Palisade Wall x1 |
| 11:54 | [o.p.]Müller-Thurgau · wall_segment Palisade Wall x1 |
| 11:57 | [o.p.]Müller-Thurgau · wall_segment Palisade Wall x1 |
| 12:33 | [o.p.]Müller-Thurgau · wall_segment Palisade Wall x7 |
| 12:47 | DK_virot16 · wall_segment Palisade Wall x5 |
| 13:13 | DK_virot16 · wall_segment Stone Wall x15 |
| 13:17 | [o.p.]Müller-Thurgau · wall_segment Palisade Wall x9 |
| 13:27 | DK_virot16 · wall_segment Stone Wall x4 |
| 13:33 | [o.p.]Müller-Thurgau · wall_segment Palisade Wall x1 |
| 13:39 | [o.p.]Müller-Thurgau · wall_segment Palisade Wall x4 |
| 13:57 | DK_virot16 · wall_segment Palisade Wall x1 |
| 13:58 | [o.p.]Müller-Thurgau · age_up castle |
| 13:58 | DK_virot16 · wall_segment Palisade Wall x1 |
| 13:59 | DK_virot16 · wall_segment Palisade Wall x1 |
| 14:03 | [o.p.]Müller-Thurgau · first_market_buy 100 stone |
| 14:12 | DK_virot16 · wall_segment Stone Wall x13 |
| 14:58 | DK_virot16 · wall_segment Stone Wall x6 |
| 15:10 | [o.p.]Müller-Thurgau · first_building Castle |
| 15:39 | DK_virot16 · wall_segment Stone Wall x1 |
| 15:40 | DK_virot16 · wall_segment Stone Wall x5 |
| 16:04 | DK_virot16 · wall_segment Stone Wall x11 |
| 16:32 | DK_virot16 · wall_segment Stone Wall x1 |
| 16:35 | DK_virot16 · wall_segment Stone Wall x1 |
| 16:42 | DK_virot16 · wall_segment Stone Wall x2 |
| 16:43 | DK_virot16 · wall_segment Stone Wall x8 |
| 18:03 | DK_virot16 · wall_segment Stone Wall x1 |
| 19:05 | DK_virot16 · wall_segment Stone Wall x1 |
| 21:19 | [o.p.]Müller-Thurgau · first_building Siege Workshop |
| 24:43 | [o.p.]Müller-Thurgau · first_building Monastery |
| 24:55 | DK_virot16 · first_building Archery Range |
| 25:28 | DK_virot16 · first_market_buy 100 stone |
| 25:30 | DK_virot16 · first_market_sell 100 food |
| 25:54 | DK_virot16 · age_up castle |
| 26:18 | DK_virot16 · first_building Castle |
| 30:15 | [o.p.]Müller-Thurgau · first_building Barracks |
| 33:59 | [o.p.]Müller-Thurgau · first_building Stable |
| 35:39 | DK_virot16 · first_building Monastery |
| 35:43 | DK_virot16 · age_up imperial |
| 37:42 | [o.p.]Müller-Thurgau · age_up imperial |
| 43:23 | [o.p.]Müller-Thurgau · first_building Archery Range |
| 60:11 | DK_virot16 · wall_segment Stone Wall x1 |
| 60:12 | DK_virot16 · wall_segment Stone Wall x1 |
| 60:15 | DK_virot16 · wall_segment Stone Wall x1 |
| 64:51 | DK_virot16 · resign |
[ AI ANALYSIS · 1 CREDIT ]
What really happened in this match?
Wolo.gg analyzes every decision: build order, eco, micro, common mistakes by bracket. Personalized analysis on WhatsApp or Discord in 30 seconds.
Civ guide
Mongols
Perfil
[o.p.]Müller-Thurgau